 Dungeon Crawl Stone Soup version 0.19.1 (webtiles) character file.

231 ImaNewbie the Conjurer (level 5, -13/38 HPs)
             Began as a Draconian Wizard on Dec 14, 2016.
             Killed by divine providence
             ... invoked by an orc priest
              (16 damage)
             ... on level 3 of the Dungeon.
             The game lasted 00:10:01 (3854 turns).

ImaNewbie the Conjurer (Draconian Wizard)           Turns: 3854, Time: 00:10:01

Health: -13/38     AC:  5    Str:  9    XL:     5   Next: 72%
Magic:  4/9        EV: 12    Int: 20    God:
Gold:   122        SH:  0    Dex:  9    Spells: 3 memorised, 4 levels left

rFire  . . .     SeeInvis .     a - +0 whip
rCold  . . .     Gourm    .     (armour unavailable)
rNeg   . . .     Faith    .     (no shield)
rPois  .         Spirit   .     e - +0 hat
rElec  .         Reflect  .     (no cloak)
rCorr  .         Harm     .     (no gloves)
MR     .....                    (no boots)
Stlth  ++........               (no amulet)
                                (no ring)
                                (no ring)

@: no status effects
A: unfitting armour, cold-blooded, AC +5
a: no special abilities


You were on level 3 of the Dungeon.
You were not hungry.

You visited 1 branch of the dungeon, and saw 3 of its levels.

You collected 122 gold pieces.

Inventory:

Hand Weapons
 a - a +0 whip (weapon)
 b - a +0 blowgun
Missiles
 d - 15 poisoned needles
Armour
 e - a +0 hat (worn)
Wands
 n - a wand of disintegration (9/24)
Scrolls
 i - a scroll of fear
 k - 3 scrolls of remove curse
 r - 2 scrolls of identify
 s - a scroll of teleportation
Potions
 f - 4 potions of curing
 h - a potion of agility {unknown}
 j - a potion of brilliance {unknown}
 q - a potion of heal wounds {unknown}
Books
 g - a book of Minor Magic

   Spells                             Type                      Level
   a - Magic Dart                     Conjuration                  1
   b - Blink                          Translocation                2
   c - Call Imp                       Summoning                    2
   d - Repel Missiles                 Charms/Air                   2
   e - Slow                           Hexes                        2
   f - Conjure Flame                  Conjuration/Fire             3
   g - Mephitic Cloud                 Conjuration/Poison/Air       3
Comestibles
 c - 2 bread rations
 l - 3 meat rations
 m - a royal jelly
 o - 4 chunks of flesh
 p - 2 beef jerkies


   Skills:
 - Level 1.7 Dodging
 - Level 1.7 Stealth
 - Level 3.0 Spellcasting
 + Level 5.8 Conjurations
 - Level 1.0 Summonings
   Level 1.0 Translocations


You had 4 spell levels left.
You knew the following spells:

 Your Spells              Type           Power        Failure   Level  Hunger
a - Magic Dart            Conj           ####         1%          1    None
b - Call Imp              Summ           #.......     17%         2    ##.....
c - Conjure Flame         Conj/Fire      ##......     14%         3    ###....


Dungeon Overview and Level Annotations

Branches:
Dungeon (3/15)

Altars:

Annotations:
D:2 exclusion: downstairs
D:3 M4edhros's ghost, weakling OpNe


Innate Abilities, Weirdness & Mutations

Your plain brown scales are hard. (AC +5)
You cannot fit into any form of body armour.
You are cold-blooded and may be slowed by cold attacks.


Message History

* * * LOW HITPOINT WARNING * * *
Casting: Magic Dart
Confirm with . or Enter, or press ? or * to list all spells.
Aiming: Magic Dart
Press: ? - help, Shift-Dir - straight line, f/p - orc priest
Aim: an orc priest, wielding a mace of protection (heavily wounded)
The magic dart hits the orc priest.
The orc priest is heavily wounded.
Casting: Magic Dart
Confirm with . or Enter, or press ? or * to list all spells.
Aiming: Magic Dart
Press: ? - help, Shift-Dir - straight line, f/p - orc priest
Aim: an orc priest, wielding a mace of protection (heavily wounded)
The magic dart hits the orc priest.
The orc priest is severely wounded.
The orc hits you with a dagger.
* * * LOW HITPOINT WARNING * * *
The orc priest calls down the wrath of Beogh upon you.
Beogh smites you!
You die...

**,,.........#.........#
#....#.#
*,,.o..g....###@..#######....#.#
*,,...........oo........'.......
***############...#######....#.#
##### #....#.. #....#.# ####.#.#
#.#.# #...# ######..# #........
#........ #......>. #........
#........ #........ #........


You could see an orc priest and an orc.

Vanquished Creatures
  12 adders
  3 gnolls (D:3)
  A worm (D:2)
  2 dart slugs
  5 orcs (D:3)
  5 bats
  2 giant cockroaches
  9 hobgoblins
  9 jackals
  4 quokkas (D:3)
  4 ball pythons
  3 frilled lizards
  8 goblins
  4 kobolds
  8 rats
79 creatures vanquished.

Vanquished Creatures (collateral kills)
  A gnoll (D:3)
1 creature vanquished.

Grand Total: 80 creatures vanquished

Notes
Turn   | Place    | Note
-------+----------+-------------------------------------------
     0 | D:1      | ImaNewbie the Draconian Wizard began the quest for the Orb.
     0 | D:1      | Reached XP level 1. HP: 14/14 MP: 4/4
   345 | D:1      | Reached skill level 2 in Conjurations
   363 | D:1      | Reached XP level 2. HP: 20/20 MP: 3/6
   878 | D:2      | Reached skill level 3 in Conjurations
   878 | D:2      | Reached XP level 3. HP: 19/26 MP: 7/7
  1308 | D:2      | Reached skill level 4 in Conjurations
  1308 | D:2      | Reached XP level 4. HP: 25/33 MP: 1/8
  1367 | D:2      | Learned a level 2 spell: Call Imp
  1371 | D:2      | Learned a level 3 spell: Conjure Flame
  2417 | D:3      | Reached XP level 5. HP: 38/38 MP: 6/9
  2519 | D:3      | Reached skill level 5 in Conjurations
  3009 | D:3      | Noticed M4edhros's ghost (weakling OpNe)
  3854 | D:3      | Killed from afar by an orc priest

Skill      XL: |  1  2  3  4  5 |
---------------+----------------+-----
Conjurations   | 2 3 4 5 |  5.8
Dodging        | |  1.7
Stealth        | |  1.7
Spellcasting   | |  3.0
Summonings     | |  1.0
Translocations | |  1.0

Action                   |  1- 3 |  4- 6 || total
-------------------------+-------+-------++-------
Melee: Whip              |    72 |    62 ||   134
       Tailslap          |     7 |     4 ||    11
 Cast: Magic Dart        |    43 |   113 ||   156
       Call Imp          |       |     2 ||     2
  Use: Scroll            |       |     6 ||     6
 Stab: Sleeping          |     1 |       ||     1
  Eat: Chunk             |     1 |     8 ||     9
Armor: Skin              |    36 |    20 ||    56
Dodge: Dodged            |    62 |    57 ||   119
